 Dungeon Crawl Stone Soup version 0.29.1-2-gbd0b4ee654 (webtiles) character file.

Game seed: 14951862190714103418

142 warriortoast the Conjurer (level 5, -1/38 HPs)
             Began as a Draconian Conjurer on Nov 30, 2022.
             Frozen to death by an endoplasm (2 damage)
             ... on level 3 of the Dungeon.
             The game lasted 00:05:42 (3232 turns).

warriortoast the Conjurer (Draconian Conjurer)      Turns: 3232, Time: 00:05:43

Health: -1/38      AC:  6    Str:  9    XL:     5   Next: 4%
Magic:  0/9        EV: 12    Int: 21    God:
Gold:   150        SH:  0    Dex:  9    Spells: 9/10 levels left

rFire   . . .      SeeInvis .   b - +0 hand axe
rCold   . . .      Faith    .   (no shield)
rNeg    . . .      Spirit   .   (body armour unavailable)
rPois   .          Reflect  .   (helmet restricted)
rElec   .          Harm     .   l - +0 cloak
rCorr   .          Rampage  .   (no gloves)
Will    .....                   (no boots)
Stlth   ++........              (no amulet)
HPRegen 0.12/turn               (no ring)
MPRegen 0.11/turn               (no ring)

@: brilliant
A: AC +5, unfitting armour, cold-blooded
a: no special abilities


You were on level 3 of the Dungeon.
You visited 1 branch of the dungeon, and saw 3 of its levels.

You collected 150 gold pieces.

Inventory:

Hand Weapons
 b - a +0 hand axe (weapon)
Armour
 l - a +0 cloak (worn)
Magical Staves
 j - a staff of air
Wands
 p - a wand of charming (8)
Scrolls
 c - a scroll of noise {unknown}
 e - a scroll of summoning {unknown}
 f - 2 scrolls of fear {unknown}
 g - a scroll of vulnerability {unknown}
 h - a scroll of amnesia {unknown}
 k - a scroll of fog {unknown}
 n - 2 scrolls of identify {unknown}
 o - 2 scrolls of teleportation {unknown}
 q - 2 scrolls of enchant weapon {unknown}
Potions
 i - a potion of brilliance
 m - a potion of haste {unknown}


   Skills:
 + Level 2.8 Dodging
 + Level 2.9 Stealth
 + Level 3.0 Spellcasting
 + Level 4.6 Conjurations


You had 9 spell levels left.
You knew the following spells:

 Your Spells              Type           Power      Damage    Failure   Level
a - Magic Dart            Conj           100%       1d8       1%          1

Your spell library contained the following spells:

 Spells                   Type           Power      Damage    Failure   Level
 Searing Ray              Conj           68%        2d6       3%          2
 Apportation              Tloc           8%         N/A       13%         1
 Dazzling Flash           Conj/Hex       38%        N/A       16%         3
 Call Imp                 Summ           4%         N/A       21%         2
 Ensorcelled Hibernation  Hex/Ice        8%         N/A       21%         2
 Mephitic Cloud           Conj/Pois/Air  14%        N/A       22%         3
 Spider Form              Tmut/Pois      4%         N/A       36%         3
 Fulminant Prism          Conj/Hex       9%         3d7       45%         4
 Iskenderun's Mystic Bla  Conj/Tloc      19%        2d6       45%         4
 Anguish                  Hex/Necr       2%         N/A       78%         4
 Fireball                 Conj/Fire      9%         3d6       80%         5
 Alistair's Intoxication  Tmut/Pois      2%         N/A       98%         5
 Starburst                Conj/Fire      9%         6d5       100%        6
 Ignition                 Fire           2%         3d3       100%        8


Dungeon Overview and Level Annotations

Branches:
Dungeon (3/15)

Altars:
Kikubaaqudgha
Yredelemnul


Innate Abilities, Weirdness & Mutations

Your plain brown scales are hard. (AC +5)
You cannot fit into any form of body armour.
You are cold-blooded and may be slowed by cold attacks.


Message History

The gnoll hits you with a +0 club.
Aiming: Magic Dart (safe; 1% risk of failure)
Press: ? - help, Q - select action, (/) - cycle Shift-Dir - straight line, f/p - gnoll
Aim: a gnoll, wielding a +0 club and wearing a +0 chain mail (almost dead, 100% to hit)
The magic dart hits the gnoll but does no damage.
The gnoll is almost dead.
The gnoll hits you with a +0 club.
Aiming: Magic Dart (safe; 1% risk of failure)
Press: ? - help, Q - select action, (/) - cycle Shift-Dir - straight line, f/p - gnoll
Aim: a gnoll, wielding a +0 club and wearing a +0 chain mail (almost dead, 100% to hit)
The magic dart hits the gnoll but does no damage.
The gnoll is almost dead.
The gnoll hits you with a +0 club.
* * * LOW HITPOINT WARNING * * *
Aiming: Magic Dart (safe; 1% risk of failure)
Press: ? - help, Q - select action, (/) - cycle Shift-Dir - straight line, f/p - gnoll
Aim: a gnoll, wielding a +0 club and wearing a +0 chain mail (almost dead, 100% to hit)
The magic dart hits the gnoll but does no damage.
The gnoll is almost dead.
The gnoll hits you with a +0 club.
* * * LOW HITPOINT WARNING * * *
You hit the gnoll.
You kill the gnoll!
The endoplasm barely misses you.
Your Spellcasting skill increases to level 3!
You have reached level 5!
You see here a ball python corpse.
Aiming: Magic Dart (safe; 1% risk of failure)
Press: ? - help, Q - select action, (/) - cycle Shift-Dir - straight line, f - endoplasm
Aim: an endoplasm (100% to hit)
The magic dart hits the endoplasm.
The endoplasm is moderately wounded.
The endoplasm hits you.
* * * LOW HITPOINT WARNING * * *
You see here a +0 flail.
It was a potion of brilliance.
You feel clever all of a sudden. The endoplasm freezes you.
You are frozen.
You die...

###
#..####.###.##...
#.# #..#
#...##.####. #.#
#..# #.≈.##.# ## #.#
##.# #......# #.#
#.# #._..### ##.#
#.# #..(.# #..#
#.###.≈.##
#.#####.##....####
#.##.@J.)..........
#.##.##.##.........
##....##.##.#.......
#...####.##..##.....
#.### #.##..# #....
#.# #.##J.. ##..
########..#.).. #.
#......#....
#.P.P..#.....


You could see an endoplasm.

Vanquished Creatures
  An orc priest (D:3)
  2 adders (D:2)
  4 gnolls
  2 dart slugs (D:2)
  3 orcs (D:3)
  6 ball pythons
  6 endoplasms
  4 goblins
  4 hobgoblins
  A quokka (D:1)
  4 bats
  4 frilled lizards
  5 kobolds
  9 rats (D:1)
55 creatures vanquished.

Notes
Turn   | Place    | Note
-------+----------+-------------------------------------------
     0 | D:1      | warriortoast the Draconian Conjurer began the quest for the
                  | Orb.
     0 | D:1      | Reached XP level 1. HP: 14/14 MP: 3/3
   327 | D:1      | Reached XP level 2. HP: 20/20 MP: 1/5
   431 | D:1      | You fall into a shaft and drop 1 floor!
   800 | D:1      | Reached XP level 3. HP: 26/26 MP: 4/6
   858 | D:1      | Found a faded altar of an unknown god.
  2617 | D:3      | Reached XP level 4. HP: 33/33 MP: 3/7
  2678 | D:3      | Found an ancient bone altar of Kikubaaqudgha.
  3046 | D:3      | Found a basalt altar of Yredelemnul.
  3229 | D:3      | Reached XP level 5. HP: 2/38 MP: 0/9
  3230 | D:3      | HP: 1/38 [endoplasm (1)]
  3232 | D:3      | Frozen to death by an endoplasm

Illustrated notes

Levels and vault maps discovered:
D:1:      scummos_arrival_hexagon, layout_basic, ebering_ecumenical_altar_rust,
          minmay_octomino_j4
D:2:      layout_basic, minivault_4
D:3:      layout_rooms, mainiacjoe_overflow_tiny_flanked,
          yredelemnul_altar_generic, grunt_ministairs_7,
          minmay_misc_feat_secret_circle, kennysheep_generic_room_2

Skill      XL: |  1  2  3  4 |
---------------+-------------+-----
Stealth        | 2 |  2.9
Dodging        | 2 |  2.8
Spellcasting   | 3 |  3.0
Conjurations   | |  4.6

Action                   |  1- 3 |  4- 6 || total
-------------------------+-------+-------++-------
Melee: Hand axe          |    10 |    16 ||    26
       Unarmed           |     5 |       ||     5
       Tailslap          |     1 |     4 ||     5
 Cast: Magic Dart        |    81 |    50 ||   131
  Use: Potion            |       |     3 ||     3
Armor: Skin              |     4 |     8 ||    12
Dodge: Dodged            |    15 |    21 ||    36
